AoeStats
← hectortm17

QS Arena

503260140Analyzed
4v4 RM · 1mo ago on Aug 30, 2026· 54m 14s· 8 players
Game mode
Random Map
Map size
Large (8 player)
Population
200
Speed
Normal
Resources
Standard
Victory
Conquest
Starting age
Dark Age
Ending age
Imperial Age
RankedLock teamsTeams togetherTeam positionsShared explorationLock speedFull tech treeHidden civsTurbo modeCheats
Victory
Defeat
966
+16
🇨🇦 Japanese · Canada
919
+18
🇲🇽 Vikings · Mexico
902
+19
🇦🇷 Koreans · Argentina
844
+21
🇹🇷 Persians · Türkiye
997
-20
🇺🇦 Britons · Ukraine
983
-19
🇺🇦 Romans · Ukraine
977
-19
🇺🇦 Bohemians · Ukraine
884
-15
hectortm17
8:44 Feudal Age
10:24 Loom
13:14 Castle Age
11:07 Double-Bit Axe
11:20 Horse Collar
14:27 Bow Saw
14:53 Heavy Plow
17:17 Fervor
18:53 Fervor
22:35 Town Watch
25:33 Imperial Age
23:35 Gold Mining
23:42 Stone Mining
24:41 Fletching
25:59 Ballistics
25:38 Bodkin Arrow
25:29 Crossbowman
25:55 Treadmill Crane
26:08 Arbalester
29:41 Two-Man Saw
28:48 Town Patrol
29:51 Chemistry
28:55 Bracer
28:56 Padded Archer Armor
28:37 Capped Ram
30:10 Masonry
30:32 Crop Rotation
30:47 Siege Ram
32:16 Leather Archer Armor
35:40 Conscription
35:56 Ring Archer Armor
37:09 Onager
39:39 Gold Shaft Mining
TheCreepy
9:00 Feudal Age
9:06 Loom
10:16 Wheelbarrow
15:26 Castle Age
20:57 Hand Cart
21:31 Scale Mail Armor
25:51 Imperial Age
23:50 Double-Bit Axe
26:34 Gold Mining
26:32 Elite Samurai
30:02 Conscription
30:03 Forging
32:28 Treadmill Crane
33:29 Squires
33:15 Arson
35:37 Chain Mail Armor
35:57 Iron Casting
35:10 Arson
43:39 Fletching
45:00 Plate Mail Armor
45:31 Blast Furnace
Mr Cobb
0:27 Loom
9:24 Feudal Age
10:23 Horse Collar
10:29 Double-Bit Axe
16:35 Castle Age
16:40 Stone Mining
19:03 Bow Saw
19:34 Heavy Plow
26:44 Imperial Age
25:20 Wheelbarrow
24:31 Town Watch
25:01 Gold Mining
26:32 Gold Shaft Mining
26:39 Hand Cart
30:24 Treadmill Crane
31:48 Chemistry
30:55 Siege Engineers
32:15 Elite Fire Lancer
32:18 Pikeman
33:00 Squires
33:03 Scale Mail Armor
33:13 Forging
33:48 Halberdier
35:04 Conscription
35:04 Chain Mail Armor
35:25 Iron Casting
35:56 Two-Man Saw
35:56 Heavy Rocket Cart
36:55 Arson
38:00 Town Patrol
38:33 Plate Mail Armor
37:55 Fletching
39:59 Bodkin Arrow
42:16 Bracer
43:38 Stone Shaft Mining
43:53 Ballistics
43:45 Masonry
victor.rodrigo159753
8:56 Feudal Age
10:23 Wheelbarrow
9:31 Horse Collar
9:39 Double-Bit Axe
15:02 Castle Age
17:30 Hand Cart
22:58 Imperial Age
22:36 Chemistry
24:51 Bow Saw
26:47 Heavy Plow
27:56 Pikeman
28:37 Squires
31:27 Wagenburg Tactics
31:43 Conscription
31:28 Arson
33:01 Two-Man Saw
33:22 Caravan
33:53 Forging
33:43 Scale Mail Armor
33:09 Houfnice
34:52 Halberdier
35:03 Elite Skirmisher
38:17 Ballistics
38:08 Fortified Wall
38:39 Iron Casting
38:19 Chain Mail Armor
44:43 Blast Furnace
44:13 Plate Mail Armor
--Now you can see *ME*--
2:57 Loom
10:03 Feudal Age
11:40 Double-Bit Axe
14:30 Castle Age
12:27 Horse Collar
13:20 Gold Mining
21:49 Wheelbarrow
22:18 Stone Mining
23:27 Heavy Plow
30:16 Imperial Age
28:07 Hand Cart
28:26 Bow Saw
30:30 Padded Archer Armor
30:39 Heavy Scorpion
32:22 Chemistry
32:11 Fortified Wall
32:43 Ballistas
34:44 Ballistics
35:32 Guilds
35:54 Crop Rotation
36:20 Leather Archer Armor
35:56 Fletching
35:55 Capped Ram
35:59 Elite Centurion
37:31 Conscription
38:04 Ring Archer Armor
37:29 Bodkin Arrow
39:16 Caravan
39:48 Scale Barding Armor
39:39 Bodkin Arrow
45:15 Husbandry
45:26 Bloodlines
45:46 Chain Barding Armor
45:37 Forging
47:16 Siege Ram
47:19 Man-at-Arms
47:59 Squires
48:49 Long Swordsman
51:01 Coinage
50:16 Legionary
Amir
0:27 Loom
9:03 Feudal Age
15:54 Castle Age
14:37 Horse Collar
14:51 Double-Bit Axe
17:45 Heavy Plow
30:12 Imperial Age
28:18 Wheelbarrow
28:29 Wheelbarrow
28:08 Fletching
28:18 Padded Archer Armor
29:28 Hand Cart
29:10 Bodkin Arrow
29:15 Padded Archer Armor
29:36 Padded Archer Armor
30:49 Ballistics
30:41 Fortified Wall
32:09 Yeomen
32:10 Conscription
32:40 Bracer
36:41 Elite Longbowman
36:47 Elite Longbowman
40:15 Caravan
52:13 Elite Skirmisher
Maybe NexTime
8:07 Feudal Age
12:03 Castle Age
10:35 Horse Collar
10:45 Double-Bit Axe
10:52 Horse Collar
12:45 Bow Saw
12:41 Heavy Plow
12:31 Loom
18:06 Gold Mining
18:09 Stone Mining
21:27 Gold Shaft Mining
22:49 Wheelbarrow
23:56 Hand Cart
24:42 Stone Shaft Mining
27:58 Imperial Age
26:11 Town Watch
26:50 Ballistics
26:45 Forging
27:02 Scale Barding Armor
28:38 Iron Casting
27:55 Fletching
28:07 Padded Archer Armor
28:20 Masonry
29:33 Two-Man Saw
29:11 Crop Rotation
29:48 Town Patrol
30:22 Conscription
30:12 Bodkin Arrow
32:03 Blast Furnace
31:24 Chain Barding Armor
30:31 Crossbowman
32:28 Chemistry
32:17 Leather Archer Armor
32:05 Kamandaran
32:41 Thumb Ring
33:16 Hoardings
33:27 Plate Barding Armor
33:40 Architecture
33:15 Husbandry
33:26 Bloodlines
34:12 Ring Archer Armor
34:27 Scale Mail Armor
34:24 Murder Holes
34:23 Elite War Elephant
35:56 Chain Mail Armor
38:08 Plate Mail Armor
37:38 Light Cavalry
39:25 Hussar
41:14 Elite Skirmisher
PERSI乛KITLER
7:54 Feudal Age
6:09 Loom
12:32 Castle Age
11:29 Double-Bit Axe
11:26 Horse Collar
13:33 Heavy Plow
16:24 Bow Saw
22:26 Wheelbarrow
26:58 Imperial Age
29:28 Chemistry
28:49 Ballistics
30:51 Fletching
31:02 Padded Archer Armor
32:48 Two-Man Saw
31:21 Houfnice
32:40 Bodkin Arrow
33:22 Murder Holes
33:52 Crossbowman
35:56 Arbalester
36:41 Bracer
36:56 Leather Archer Armor
48:12 Caravan
49:20 Ring Archer Armor
Connection lost

Rejoining the realm…

Still unreachable

The connection could not be restored.

Session expired

The server has moved on; the page needs a fresh start.